 Dungeon Crawl Stone Soup version 0.19-a0-1496-gfc80c20 (webtiles) character file.

173435 Promi the Arsonist (level 17, -4/148 HPs)
             Began as a Red Draconian Conjurer on Sept 10, 2016.
             Was the Champion of Vehumet.
             Drowned by a drowned soul (16 damage)
             ... summoned by a merfolk avatar
             ... on level 3 of the Shoals.
             The game lasted 04:13:20 (35867 turns).

Promi the Arsonist (Red Draconian Conjurer)        Turns: 35867, Time: 04:13:20

Health: -4/148     AC: 24    Str: 14    XL:     17   Next: 43%
Magic:  1/44       EV: 17    Int: 32    God:    Vehumet [******]
Gold:   699        SH:  7    Dex: 12    Spells: 11 memorised, 3 levels left

rFire  + + +     SeeInvis .     j - +8 long sword "Mihylipa" {slice, -Tele rF++ Int+7}
rCold  . . .     Gourm    .     (armour unavailable)
rNeg   . . .     Faith    .     J - +2 buckler {AC+3}
rPois  .         Spirit   .     L - +2 hat
rElec  .         Dismiss  .     c - +2 cloak
rCorr  +         Reflect  .     B - +2 pair of gloves
MR     ++...     Harm     .     u - +2 pair of boots "Gifi" {rCorr Int+4}
Stlth  ++........ NoTele   +    g - amulet of regeneration
                                i - ring of protection from magic
                                s - ring of magical power

@: no status effects
A: breathe fire, unfitting armour, fire resistance 1, mutation resistance 1,
shaggy fur 1, strong 1, no device heal 1, cold-blooded, AC +9
a: Breathe Fire, Renounce Religion


You were on level 3 of the Shoals.
You worshipped Vehumet.
Vehumet was exalted by your worship.
You were very hungry.

You visited 7 branches of the dungeon, and saw 30 of its levels.
You also visited: Ossuary, Ice Cave and Volcano.

You collected 2294 gold pieces.
You spent 1595 gold pieces at shops.

Inventory:

Hand Weapons
 j - the +8 long sword "Mihylipa" (weapon) {slice, -Tele rF++ Int+7}
   (You found it on level 13 of the Dungeon)

   It inflicts extra damage upon your enemies.
   It affects your intelligence (+7).
   It greatly protects you from fire.
   It prevents most forms of teleportation.
 F - the +10 great sword of Defilement {freeze, Str+2}
   (You bought it in a shop on level 2 of the Orcish Mines)

   It has been specially enchanted to freeze those struck by it, causing extra
   injury to most foes and up to half again as much damage against particularly
   susceptible opponents.
   It can also slow down cold-blooded creatures.
   It affects your strength (+2).
Armour
 c - a +2 cloak (worn)
 u - the +2 pair of boots "Gifi" (worn) {rCorr Int+4}
   (You found it on level 4 of the Lair of Beasts)

   It affects your intelligence (+4).
   It protects you from acid and corrosion.
 B - a +2 pair of gloves (worn)
 J - a +2 buckler of protection (worn)
 L - a +2 hat (worn)
Jewellery
 g - an amulet of regeneration (around neck)
 i - a ring of protection from magic (right hand)
 k - an uncursed ring of protection from magic
 l - an uncursed ring of ice
 s - a ring of magical power (left hand)
 z - an uncursed ring of flight
 O - an uncursed ring of protection from cold
 Q - an uncursed ring of wizardry
 R - an uncursed ring of positive energy
 X - an uncursed ring of wizardry
Wands
 a - a wand of hasting (9/9)
 n - a wand of teleportation (6/9)
Scrolls
 h - 2 scrolls of fear
 p - 2 scrolls of recharging
 q - a scroll of teleportation
 t - 13 scrolls of remove curse
 A - 11 scrolls of identify
 D - 6 scrolls of amnesia
 H - 7 scrolls of magic mapping
 Y - a scroll of summoning
Potions
 f - a potion of flight
 w - 3 potions of brilliance
 C - 4 potions of berserk rage
 G - a potion of resistance
 N - a potion of haste
 P - 2 potions of cancellation
 T - 3 potions of agility
 V - a potion of might
Books
 e - a book of Conjurations

   Spells                             Type                      Level
   a - Magic Dart                     Conjuration                  1
   b - Searing Ray                    Conjuration                  2
   c - Dazzling Spray                 Conjuration/Hexes            3
   d - Fulminant Prism                Conjuration/Hexes            4
   e - Iskenderun's Mystic Blast      Conjuration                  4
   f - Iskenderun's Battlesphere      Conjuration/Charms           5
 v - a book of Maledictions

   Spells                             Type                      Level
   a - Corona                         Hexes                        1
   b - Ensorcelled Hibernation        Hexes/Ice                    2
   c - Confuse                        Hexes                        3
   d - Tukima's Dance                 Hexes                        3
   e - Dazzling Spray                 Conjuration/Hexes            3
 x - a book of Ice

   Spells                             Type                      Level
   a - Ice Form                       Ice/Transmutation            4
   b - Metabolic Englaciation         Hexes/Ice                    5
   c - Ozocubu's Refrigeration        Ice                          6
   d - Bolt of Cold                   Conjuration/Ice              6
   e - Freezing Cloud                 Conjuration/Ice/Air          6
   f - Simulacrum                     Ice/Necromancy               6
 y - Deusil's Grimoire of Evil Malediction
   (You found it in a volcano)

   Spells                             Type                      Level
   a - Confusing Touch                Hexes                        1
   b - Pain                           Necromancy                   1
   c - Cause Fear                     Hexes                        4
   d - Bolt of Draining               Conjuration/Necromancy       5
   e - Discord                        Hexes                        8
 M - a book of the Tempests

   Spells                             Type                      Level
   a - Static Discharge               Conjuration/Air              3
   b - Lightning Bolt                 Conjuration/Air              5
   c - Fireball                       Conjuration/Fire             5
   d - Tornado                        Air                          9
   e - Shatter                        Earth                        9
 Z - a book of Necromancy

   Spells                             Type                      Level
   a - Pain                           Necromancy                   1
   b - Animate Skeleton               Necromancy                   1
   c - Vampiric Draining              Necromancy                   3
   d - Regeneration                   Charms/Necromancy            3
   e - Animate Dead                   Necromancy                   4
   f - Control Undead                 Necromancy                   4
Comestibles
 b - 7 bread rations
 d - 4 beef jerkies
 o - 5 meat rations
 E - 4 slices of pizza
 I - 2 fruits


   Skills:
 + Level 12.6 Fighting
   Level 1.1(6.0) Short Blades
 - Level 9.5 Long Blades
 + Level 9.6 Dodging
 - Level 7.2 Stealth
 - Level 5.0 Shields
 * Level 14.1 Spellcasting
 + Level 12.0 Conjurations
 - Level 6.0 Hexes
 + Level 14.5 Fire Magic
 - Level 8.0 Earth Magic


You had 3 spell levels left.
You knew the following spells:

 Your Spells              Type           Power        Failure   Level  Hunger
a - Stone Arrow           Conj/Erth      ######       1%          3    None
b - Searing Ray           Conj           ######       1%          2    None
c - Dazzling Spray        Conj/Hex       ######       1%          3    None
d - Bolt of Fire          Conj/Fire      #######...   1%          6    ###....
e - Orb of Destruction    Conj           #######...   4%          7    #####..
f - Flame Tongue          Conj/Fire      #####        0%          1    None
g - Iron Shot             Conj/Erth      ######....   1%          6    ###....
h - Magic Dart            Conj           ####         0%          1    None
i - Fireball              Conj/Fire      #######...   1%          5    None
j - Cause Fear            Hex            ######....   1%          4    None
k - Tukima's Dance        Hex            ######..     1%          3    None


Dungeon Overview and Level Annotations

Branches:
Dungeon (15/15)            Temple (1/1) D:5            Lair (6/6) D:9
 Shoals (4/4) Lair:4        Snake (1/4) Lair:4        Slime (0/5) Lair:6
    Orc (2/2) D:11            Elf (1/3) Orc:2        Vaults (0/5) D:14
 Depths (0/5) D:15

Altars:
Ashenzari
Cheibriados
Dithmenos
Elyvilon
Fedhas
Gozag
Hepliaklqana
Kikubaaqudgha
Makhleb
Nemelex Xobeh
Okawaru
Qazlal
Ru
Sif Muna
Trog
Uskayaw
Vehumet
Xom
Yredelemnul
Zin
The Shining One

Shops:
D:6 %   D:8 *   D:9 [}   Orc:2 ([%*   Shoals:4 [*(*

Annotations:
D:11 ScarCow's ghost, journeyman MiBe
Shoals:2 WhatIsLove's ghost, adept HEAE
Shoals:4 Ilsuiw; Xiaoo's ghost, adept GrEE


Innate Abilities, Weirdness & Mutations

You can breathe blasts of fire.
Your fiery red scales are hard. (AC +9)
Your body does not fit into most forms of armour.
Your flesh is heat resistant. (rF+)
You are cold-blooded and may be slowed by cold attacks.
You are somewhat resistant to further mutation.
You are covered in fur. (AC +1)
Your muscles are strong. (Str +2)
Potions and wands are less effective at restoring your health.


Message History

The merfolk avatar chants its luring song.
The drowned soul touches you. The drowned soul drowns you!
* * * LOW HITPOINT WARNING * * *
Your magical effects are unravelling.
You feel magically purged.
You break out of your daze.
The drowned soul touches you. The drowned soul drowns you!
* * * LOW HITPOINT WARNING * * *
The merfolk avatar chants a haunting song.
You resist.
Casting: Bolt of Fire
Confirm with . or Enter, or press ? or * to list all spells.
Aiming: Dazzling Spray
Press: ? - help, Shift-Dir - straight line, f/p - merfolk avatar
Aim: a merfolk avatar (water, almost dead)
The spray of energy misses the merfolk avatar.
The spray of energy hits the drowned soul.
The drowned soul is heavily damaged.
The drowned soul touches you. The drowned soul drowns you!
You die...

≈.≈≈...##...#....≈≈≈.)(≈..≈≈≈≈≈≈≈
≈≈≈≈≈####..###..(≈.≈≈.(...≈≈≈≈≈≈≈
≈≈≈≈.####..###.().)≈≈.....≈≈≈≈≈≈≈
≈≈≈≈.....^≈≈...≈≈))≈W(##...≈≈≈≈≈≈
....≈≈≈.≈......((....###...≈≈≈≈≈≈
.##.≈≈≈≈.............###.(..≈≈≈≈≈
..##...≈.....≈≈≈≈.....##....(≈≈≈≈
≈......≈≈≈≈≈≈≈≈≈≈..........≈≈≈≈≈≈
≈≈..≈≈≈≈≈≈≈≈≈≈≈m@≈..>.....≈≈≈≈≈≈≈
≈≈≈≈≈≈≈≈≈≈≈≈≈≈W≈W≈≈)(..)..≈≈≈≈≈≈≈
≈≈≈≈≈≈≈≈≈≈≈≈≈≈...≈≈≈≈≈≈≈≈≈≈≈≈≈≈≈≈
≈≈≈..≈≈≈≈≈≈≈≈≈...≈≈≈≈≈....≈≈≈≈≈≈≈
P#...≈≈≈≈≈≈≈...≈≈≈W........≈≈≈≈≈≈
P##.≈≈≈≈≈≈≈....≈≈≈≈...≈.≈...≈≈≈≈≈
P.P≈≈≈≈<≈.≈..≈≈≈≈...#...≈...≈≈≈≈≈
P≈P≈≈≈≈≈.....≈..≈..##.....≈≈≈≈≈≈≈
≈≈≈≈≈≈≈≈≈.≈≈≈≈≈≈≈≈≈.......≈≈≈≈≈≈≈


You could see a merfolk avatar and 4 drowned souls.

Vanquished Creatures
  Jorgrun (Shoals:4)
  Polyphemus (Shoals:4)
  Agnes (D:15)
  Kirke (D:15)
  An orc warlord (Orc:1)
  A frost giant (Shoals:4)
  Azrael (D:13)
  2 blizzard demons (IceCv)
  A merfolk javelineer (Shoals:3)
  4 merfolk impalers
  Erolcha (D:9)
  A rakshasa (D:15)
  5 hydras
  4 merfolk avatars
  2 merfolk aquamancers (Shoals:4)
  The ghost of slumpy the Blocker, a journeyman GrIE of Hepliaklqana (D:12)
  An alligator snapping turtle (Shoals:4)
  2 centaur warriors
  5 catoblepae
  4 satyrs
  2 dancing weapons (D:13)
  13 death yaks
  4 orc high priests (Orc:2)
  Urug (D:13)
  A naga sharpshooter (Snake:1)
  Sonja (Lair:3)
  A deep elf knight (Elf:1)
  5 skeletal warriors (D:14)
  A sea snake (Shoals:1)
  A giant orange brain (D:15)
  A wizard (D:14)
  A necromancer (D:15)
  6 hill giants
  A lindwurm (Volcano)
  Pikel (D:5)
  An orc knight (Orc:2)
  16 harpies
  A manticore (shapeshifter) (D:15)
  14 manticores
  3 orc sorcerers (Orc:2)
  4 griffons
  12 fauns
  20 ugly things
  4 cyclopes
  4 deep elf magi
  4 centaur zombies
  8 black mambas
  2 water nymphs
  10 sirens
  4 ice statues
  18 elephants
  2 molten gargoyles (Volcano)
  4 centaur skeletons
  12 spiny frogs
  Psyche (D:11)
  Joseph (D:7)
  A gargoyle (D:14)
  2 efreet
  An anaconda simulacrum (IceCv)
  8 ice devils (IceCv)
  3 kobold demonologists
  A komodo dragon (shapeshifter) (D:15)
  8 komodo dragons
  4 trolls
  A meliai (shapeshifter) (D:15)
  A two-headed ogre (D:14)
  4 wind drakes
  3 meliai (D:13)
  Grinder (D:5)
  26 merfolk
  A harpy skeleton (D:15)
  13 slime creatures
  7 blink frogs
  4 dream sheep
  5 snapping turtles
  2 water elementals
  A dire elephant simulacrum (IceCv)
  57 yaks
  A shadow (D:15)
  2 wraiths
  4 hill giant zombies (D:11)
  A basilisk (D:12)
  4 fire bats (Volcano)
  3 wyverns
  A steam dragon (Lair:3)
  A golden eye (shapeshifter) (D:15)
  A human (D:7)
  5 fire elementals
  4 hogs (D:7)
  Grum (D:9)
  2 hungry ghosts
  5 hippogriffs
  A mottled dragon (Volcano)
  2 wargs
  An iron troll simulacrum (IceCv)
  3 nagas (Lair:4)
  10 water moccasins
  2 soldier ants
  A hydra simulacrum (IceCv)
  2 hell hounds
  4 porcupines
  20 orc warriors
  4 ice beasts
  An eye of draining (D:13)
  A hornet simulacrum (D:15)
  An ettin simulacrum (IceCv)
  3 sky beasts
  A slave (D:5)
  4 black bears
  A wasp (D:14)
  4 phantoms
  2 ogres
  A necrophage (D:12)
  16 wolves
  5 centaurs
  11 crocodiles
  4 big kobolds
  2 elf zombies (Ossuary)
  17 giant frogs
  A wyvern skeleton (D:14)
  4 scorpions
  10 killer bees
  5 wights (D:10)
  An electric eel (Lair:1)
  5 howler monkeys
  5 crimson imps
  A lava snake (Volcano)
  2 hounds
  A human zombie (Ossuary)
  3 jellies
  2 giant frog zombies
  A giant frog skeleton (D:12)
  26 orc priests
  27 orc wizards
  Terence (D:2)
  Jessica (D:3)
  7 iguanas
  6 worker ants
  A killer bee zombie (D:6)
  4 ogre zombies (D:11)
  2 big kobold zombies (Ossuary)
  3 hound skeletons
  2 mummies (Ossuary)
  46 river rats
  16 adders
  5 shadow imps
  2 oozes
  2 adder zombies
  2 worms (D:5)
  2 dart slugs
  7 giant geckos
  64 orcs
  8 bats
  6 giant cockroaches
  8 hobgoblins
  15 jackals
  24 kobolds
  3 quokkas
  3 giant newts
  A goblin (D:1)
  2 goblin skeletons (D:11)
  4 goblin zombies (D:11)
  11 hobgoblin zombies
  A jackal skeleton (D:5)
  A jackal zombie (Ossuary)
  12 kobold zombies (Ossuary)
  3 orc skeletons (D:11)
  21 orc zombies
  4 rats
  2 rat zombies (Ossuary)
934 creatures vanquished.

Vanquished Creatures (collateral kills)
  2 merfolk impalers (Shoals:4)
  2 merfolk aquamancers (Shoals:4)
  5 merfolk (Shoals:4)
9 creatures vanquished.

Vanquished Creatures (others)
  8 dancing weapons
  2 humans (D:15)
  A crimson imp (D:15)
  A bush (Lair:2)
  10 fungi
  18 plants
40 creatures vanquished.

Grand Total: 983 creatures vanquished

Notes
Turn   | Place    | Note
-------+----------+-------------------------------------------
     0 | D:1      | Promi the Draconian Conjurer began the quest for the Orb.
     0 | D:1      | Reached XP level 1. HP: 14/14 MP: 3/3
   250 | D:1      | Reached XP level 2. HP: 21/22 MP: 0/5
   254 | D:1      | Learned a level 2 spell: Searing Ray
   516 | D:1      | Reached skill level 1 in Fighting
   769 | D:2      | Reached XP level 3. HP: 25/28 MP: 3/6
  1001 | D:2      | Reached XP level 4. HP: 29/36 MP: 3/7
  1352 | D:2      | Noticed Terence
  1416 | D:2      | Killed Terence
  1673 | D:3      | Reached XP level 5. HP: 37/42 MP: 7/9
  1699 | D:3      | Reached skill level 1 in Short Blades
  1966 | D:3      | Found a shattered altar of Ashenzari.
  1967 | D:3      | Found a faded altar of an unknown god.
  2003 | D:3      | Noticed Jessica
  2035 | D:3      | Killed Jessica
  2055 | D:3      | Reached skill level 1 in Long Blades
  2055 | D:3      | Reached XP level 6. HP: 42/50 MP: 5/10
  2205 | D:3      | Found a stormy altar of Qazlal.
  2757 | D:4      | Reached skill level 5 in Conjurations
  2996 | D:4      | Your scales start taking on a fiery red colour.
  2996 | D:4      | Reached XP level 7. HP: 49/57 MP: 10/12
  2996 | D:4      | Gained mutation: Your flesh is heat resistant. (rF+) [Red Draconian growth]
  3085 | D:4      | Found a shattered altar of Ashenzari.
  3086 | D:4      | Found a basalt altar of Yredelemnul.
  3561 | D:5      | Entered Level 5 of the Dungeon
  3577 | D:5      | Found a sand-covered staircase.
  3585 | Ossuary  | Entered an ossuary
  3885 | D:5      | Found a staircase to the Ecumenical Temple.
  4200 | D:5      | Found a glowing drain.
  4285 | D:5      | Noticed Grinder
  4295 | D:5      | Killed Grinder
  4295 | D:5      | Reached XP level 8. HP: 65/67 MP: 12/14
  4304 | Temple   | Entered the Ecumenical Temple
  4348 | Temple   | Became a worshipper of Vehumet
  4634 | D:5      | Noticed Pikel
  4653 | D:5      | Killed Pikel
  4653 | D:5      | Reached skill level 5 in Fighting
  5671 | D:6      | Found Enaett's Food Shop.
  5816 | D:7      | Reached XP level 9. HP: 66/74 MP: 10/16
  6176 | D:7      | Reached skill level 5 in Stealth
  6548 | D:7      | Reached skill level 5 in Spellcasting
  6606 | D:7      | Noticed Joseph
  6619 | D:7      | Killed Joseph
  6619 | D:7      | Reached skill level 5 in Dodging
  6877 | D:7      | Reached skill level 5 in Long Blades
  6960 | D:7      | Reached * piety under Vehumet
  6960 | D:7      | Offered knowledge of Sandblast by Vehumet.
  6979 | D:7      | Learned a level 1 spell: Sandblast
  7106 | D:7      | Found a white marble altar of Elyvilon.
  7274 | D:7      | Learned a level 3 spell: Dazzling Spray
  7279 | D:7      | Learned a level 4 spell: Iskenderun's Mystic Blast
  7412 | D:8      | Reached XP level 10. HP: 35/84 MP: 12/18
  7622 | D:8      | Found Wuuf's Island Escapes.
  8083 | D:9      | Reached skill level 1 in Earth Magic
  8126 | D:9      | Found Seolaugess's Antique Armour Shoppe.
  8134 | D:9      | Bought a pair of ancient boots for 152 gold pieces
  8144 | D:9      | Identified the -6 pair of boots "Jeykof" {+Fly rN++} (You bought it in a shop on level 9 of the Dungeon)
  8235 | D:9      | Found a staircase to the Lair.
  8275 | D:9      | Found Ronuekuc's Gadget Emporium.
  8305 | D:9      | Noticed Grum
  8465 | D:9      | Killed Grum
  8512 | D:9      | Noticed Erolcha
  8514 | D:9      | Found a snail-covered altar of Cheibriados.
  8523 | D:9      | Killed Erolcha
  8523 | D:9      | Offered knowledge of Flame Tongue by Vehumet.
  8526 | D:9      | Learned a level 1 spell: Flame Tongue
  8822 | D:9      | Reached ** piety under Vehumet
  8947 | D:10     | Entered Level 10 of the Dungeon
  9157 | D:10     | Reached skill level 1 in Fire Magic
  9996 | Lair:1   | Entered Level 1 of the Lair of Beasts
 10262 | Lair:1   | Noticed a spiny frog
 10276 | Lair:1   | Killed a spiny frog
 10459 | Lair:1   | Reached XP level 11. HP: 76/94 MP: 18/20
 10508 | Lair:1   | Offered knowledge of Ignite Poison by Vehumet.
 10978 | Lair:1   | Reached *** piety under Vehumet
 11862 | Lair:2   | Learned a level 6 spell: Bolt of Fire
 11888 | Lair:2   | Reached skill level 5 in Fire Magic
 12011 | Lair:2   | Offered knowledge of Stone Arrow by Vehumet.
 12016 | Lair:2   | Learned a level 3 spell: Stone Arrow
 12244 | Lair:2   | Reached skill level 1 in Hexes
 12831 | Lair:3   | Noticed an eight-headed hydra
 13185 | D:11     | Reached **** piety under Vehumet
 13220 | D:11     | Reached XP level 12. HP: 103/103 MP: 24/24
 13223 | D:11     | Found a staircase to the Orcish Mines.
 13245 | D:11     | Offered knowledge of Fireball by Vehumet.
 13353 | D:11     | Learned a level 5 spell: Fireball
 13521 | D:11     | Noticed Psyche
 13536 | D:11     | Killed Psyche
 13778 | D:11     | Noticed ScarCow's ghost (journeyman MiBe)
 14394 | D:11     | Reached ***** piety under Vehumet
 14394 | D:11     | Offered knowledge of Conjure Ball Lightning by Vehumet.
 14558 | Orc:1    | Entered Level 1 of the Orcish Mines
 14710 | Orc:1    | Noticed an orc warlord
 14779 | D:11     | Gained mutation: You are covered in fur. (AC +1) [potion of mutation]
 14779 | D:11     | Gained mutation: You are somewhat resistant to further mutation. [potion of mutation]
 14779 | D:11     | Gained mutation: Potions and wands are less effective at restoring your health. [potion of mutation]
 15915 | Lair:3   | Noticed Sonja
 15962 | Lair:3   | Killed Sonja
 16466 | Lair:3   | Reached XP level 13. HP: 111/111 MP: 26/26
 16703 | Lair:4   | Got a pair of distressingly furry boots
 16714 | Lair:4   | Identified the +2 pair of boots "Gifi" {rCorr Int+4} (You found it on level 4 of the Lair of Beasts)
 16843 | Lair:4   | Reached XP level 14. HP: 119/119 MP: 27/27
 17141 | Lair:4   | Found a staircase to the Shoals.
 17516 | Lair:4   | Found a staircase to the Snake Pit.
 17842 | Lair:5   | Learned a level 4 spell: Cause Fear
 18289 | Lair:5   | Reached skill level 10 in Fighting
 18502 | Lair:6   | Entered Level 6 of the Lair of Beasts
 18520 | Lair:6   | Found a dark tunnel.
 18572 | Volcano  | Entered a volcano
 18787 | Volcano  | Found a radiant altar of Vehumet.
 18799 | Volcano  | Reached skill level 10 in Conjurations
 18928 | Volcano  | Identified Deusil's Grimoire of Evil Malediction
 19187 | Lair:6   | Offered knowledge of Throw Icicle by Vehumet.
 19202 | Lair:6   | Gained mutation: Your muscles are strong. (Str +2) [potion of beneficial mutation]
 19335 | Lair:6   | Found a shimmering altar of Xom.
 19553 | Lair:6   | Found a staircase to the Slime Pits.
 21405 | Shoals:1 | Entered Level 1 of the Shoals
 21421 | Shoals:1 | Reached skill level 5 in Hexes
 21616 | Shoals:1 | Found a frozen archway.
 21697 | IceCv    | Entered an ice cave
 21746 | IceCv    | Reached XP level 15. HP: 71/128 MP: 24/28
 22014 | IceCv    | Reached skill level 10 in Spellcasting
 22706 | Snake:1  | Entered Level 1 of the Snake Pit
 23187 | Lair:1   | Offered knowledge of Iron Shot by Vehumet.
 23297 | Lair:1   | Learned a level 6 spell: Iron Shot
 23796 | Orc:1    | Killed an orc warlord
 24098 | Orc:2    | Entered Level 2 of the Orcish Mines
 24326 | Orc:2    | Found a staircase to the Elven Halls.
 24695 | Orc:2    | Offered knowledge of Spellforged Servitor by Vehumet.
 24696 | Orc:2    | Found Urcheen's Food Boutique.
 24706 | Orc:2    | Found Seocaukh's Assorted Antiques.
 24707 | Orc:2    | Found Owkeagge's Antique Armour Shop.
 24710 | Orc:2    | Found Aneogih's Weapon Shop.
 24714 | Orc:2    | Bought a scroll labeled MECHAI FINUNUI for 30 gold pieces
 24715 | Orc:2    | Bought a glowing hat for 160 gold pieces
 24715 | Orc:2    | Bought an embroidered hat for 160 gold pieces
 25900 | Orc:2    | Reached ****** piety under Vehumet
 26030 | Orc:2    | Bought the +10 great sword of Defilement {freeze, Str+2} for 1093 gold pieces
 26233 | D:12     | Noticed slumpy's ghost (journeyman GrIE)
 26476 | D:12     | Killed slumpy's ghost
 27235 | D:13     | Noticed Urug
 27289 | D:13     | Killed Urug
 27502 | D:13     | Got a warped long sword
 27503 | D:13     | Identified the +8 long sword "Mihylipa" {slice, -Tele rF++ Int+7} (You found it on level 13 of the Dungeon)
 27583 | D:13     | Reached skill level 1 in Shields
 27828 | D:14     | Found a gate to the Vaults.
 27874 | D:14     | Found a glowing golden altar of the Shining One.
 27877 | D:14     | Offered knowledge of Delayed Fireball by Vehumet.
 27960 | D:14     | Noticed Azrael
 28594 | D:14     | Reached skill level 5 in Shields
 28630 | D:13     | Killed Azrael
 28845 | D:14     | Reached skill level 5 in Earth Magic
 29193 | D:14     | Reached XP level 16. HP: 135/135 MP: 23/32
 29807 | D:15     | Entered Level 15 of the Dungeon
 30017 | D:15     | Noticed Kirke
 30021 | D:15     | Killed Kirke
 30105 | D:15     | Noticed Agnes
 30109 | D:15     | Killed Agnes
 30645 | D:15     | Found a staircase to the Depths.
 30844 | Elf:1    | Entered Level 1 of the Elven Halls
 30965 | Elf:1    | HP: 4/139 [halberd of venom (8)]
 31486 | Shoals:1 | Offered knowledge of Poison Arrow by Vehumet.
 32110 | Shoals:2 | Learned a level 3 spell: Tukima's Dance
 32306 | Shoals:2 | Noticed WhatIsLove's ghost (adept HEAE)
 32951 | Shoals:3 | Offered knowledge of Orb of Destruction by Vehumet.
 32961 | Shoals:3 | Learned a level 7 spell: Orb of Destruction
 33320 | Shoals:4 | Entered Level 4 of the Shoals
 33321 | Shoals:4 | Noticed Polyphemus
 33352 | Shoals:4 | Found Ilekk's General Store.
 33352 | Shoals:4 | Found Erileith's General Store.
 33352 | Shoals:4 | Found Uwnog's Antique Weapon Boutique.
 33542 | Shoals:4 | Found Vycarhiy's Antique Armour Shoppe.
 33742 | Shoals:4 | Noticed Xiaoo's ghost (adept GrEE)
 34040 | Shoals:3 | Reached XP level 17. HP: 128/146 MP: 34/34
 34307 | Shoals:4 | Noticed Ilsuiw
 34403 | Shoals:4 | Killed Polyphemus
 34829 | Shoals:4 | Noticed Jorgrun
 35180 | Shoals:4 | Killed Jorgrun
 35867 | Shoals:3 | Drowned by a drowned soul

Vault maps used:
D:1:      dpeg_arrival_tiny_e
D:2:      uniq_terence
D:3:      grunt_qazlal_sundering, ecumenical_altar_1, first_bread,
          evilmike_ruin_ashenzari, uniq_jessica
D:4:      kb_forest_paths, gammafunk_temple_overflow_statue
D:5:      enter_ossuary_5, gup_sewer_entry_bowl, uniq_pikel, uniq_grinder
D:6:      serial_shops, kennysheep_mini_moat, lightli_corner_chamber
D:7:      grunt_livestock, elyvilon_altar_1, uniq_joseph
D:8:      nicolae_wwwww, nicolae_island_escapes
D:9:      lair_0_dummy, serial_shops, shop, nicolae_shop_statue_plus,
          cheibriados_altar_1, uniq_erolcha, uniq_grum
D:11:     zombieorc2_lemuel, uniq_psyche
D:12:     kennysheep_dice
D:13:     uniq_urug
D:14:     erik_vaults_1, serial_column_ruins, column_ruins_hut,
          column_ruins_open_medium, column_ruins_open_small,
          column_ruins_columns_straight, column_ruins_corridor_corner,
          column_ruins_columns_dead_end, column_ruins_open_medium,
          tso_metal_star, uniq_azrael
D:15:     gammafunk_enter_depths_forms, hangedman_decor_riveting, uniq_agnes,
          uniq_kirke
Temple:   regret_index_temple_mists
Lair:1:   wad_woods_road_06
Lair:2:   infiniplex_staircase_pool_2, lemuel_fruit_tree
Lair:3:   uniq_sonja
Lair:4:   elwin_shoals_entry_stream, minmay_snake_entry_guardpost_small,
          grunt_megastairs_5
Lair:6:   evilmike_catoblepas_cave, slime_dummy, nicolae_volcano_entry_hallway,
          basic_altar, lemuel_old_faithful
Shoals:1: cheibrodos_shoals_oceanic_diplomacy,
          portal_ice_cave_entry_ice_statue_two
Shoals:2: cheibrodos_shoals_roost
Shoals:4: shoals_end_grunt_ice, shoals_ilsuiw_alternative, serial_shops,
          nicolae_shop_overgrown_old_shop, shop, nicolae_shop_statue_plus, shop,
          shop, uniq_polyphemus, uniq_jorgrun
Snake:1:  uniq_aizul, uniq_rupert
Orc:1:    uniq_harold
Orc:2:    st_orc_mages
Elf:1:    hangedman_cross_veins, st_stairs_6
Ossuary:  ossuary_tomb_1
IceCv:    ice_cave_tombish
Volcano:  volcano_lake

Skill      XL: |  1  2  3  4  5  6  7  8  9 10 11 12 13 14 15 16 17 |
---------------+----------------------------------------------------+-----
Stealth        | 2 3 4 5 6 7 |  7.2
Fighting       | 1 2 3 4 5 6 7 8 9 10 12 | 12.6
Dodging        | 2 3 4 5 6 7 8 9 |  9.6
Short Blades   | 1 |  1.1
Spellcasting   | 3 4 5 6 8 9 12 13 14 | 14.1
Long Blades    | 1 3 4 5 6 7 8 9 |  9.5
Conjurations   | 5 6 7 8 9 11 12 | 12.0
Earth Magic    | 2 5 8 |  8.0
Fire Magic     | 3 6 11 13 14 | 14.5
Hexes          | 1 3 5 6 |  6.0
Shields        | 5 |  5.0

Action                   |  1- 3 |  4- 6 |  7- 9 | 10-12 | 13-15 | 16-18 || total
-------------------------+-------+-------+-------+-------+-------+-------++-------
Melee: Unarmed           |    15 |       |       |       |       |       ||    15
       Dagger            |    96 |   136 |       |       |       |       ||   232
       Tailslap          |    14 |    14 |    51 |   122 |   164 |    92 ||   457
       Falchion          |       |    94 |   403 |   873 |   733 |       ||  2103
       Long sword        |       |       |       |       |   284 |   638 ||   922
       Great sword       |       |       |       |       |   152 |       ||   152
 Cast: Magic Dart        |    11 |    17 |    17 |    88 |    10 |    15 ||   158
       Searing Ray       |     3 |    13 |    21 |    67 |    51 |     1 ||   156
       Dazzling Spray    |       |       |       |    31 |    24 |    10 ||    65
       Flame Tongue      |       |       |       |     7 |    27 |     9 ||    43
       Stone Arrow       |       |       |       |    27 |    55 |     5 ||    87
       Sandblast         |       |       |       |     2 |       |       ||     2
       Bolt of Fire      |       |       |       |    13 |   106 |   151 ||   270
       Fireball          |       |       |       |     9 |    20 |     8 ||    37
       Iskenderun's Myst |       |       |       |       |     9 |       ||     9
       Cause Fear        |       |       |       |       |     1 |       ||     1
       Iron Shot         |       |       |       |       |    19 |    11 ||    30
       Tukima's Dance    |       |       |       |       |       |    52 ||    52
       Orb of Destructio |       |       |       |       |       |    10 ||    10
 Abil: Breathe Fire      |       |       |       |     4 |     6 |       ||    10
       Evoke Flight      |       |       |       |       |     1 |       ||     1
Evoke: Wand              |       |       |       |       |     3 |     1 ||     4
  Use: Potion            |       |     4 |     3 |     7 |     4 |     7 ||    25
       Scroll            |       |    13 |       |     9 |    16 |    12 ||    50
 Stab: Sleeping          |     4 |     5 |     3 |     8 |    17 |     5 ||    42
       Invisible         |       |       |       |     7 |     8 |       ||    15
       Distracted        |       |       |       |       |       |     2 ||     2
  Eat: Chunk             |     1 |     8 |    12 |    35 |    62 |    33 ||   151
       Pizza             |       |       |     1 |     2 |     3 |     1 ||     7
       Bread ration      |       |       |     1 |       |     3 |     1 ||     5
       Fruit             |       |       |       |     1 |     7 |     4 ||    12
       Beef jerky        |       |       |       |       |     2 |     1 ||     3
       Royal jelly       |       |       |       |       |       |     1 ||     1
Armor: Skin              |    64 |    91 |   129 |   302 |   315 |   286 ||  1187
Dodge: Dodged            |    95 |   165 |   228 |   648 |   780 |   482 ||  2398
Block: Buckler           |       |       |       |       |    62 |   215 ||   277
